 Dungeon Crawl Stone Soup version 0.31.0-1-g2c135a0 (webtiles) character file.

Game seed: 7623140446059777039

320 bonegar the Magician (level 6, 0/32 HPs)
             Began as a Deep Elf Hedge Wizard on Mar 31, 2024.
             Slain by a gnoll sergeant
             ... wielding a +0 trident
              (7 damage)
             ... on level 7 of the Dungeon on Apr 1, 2024.
             The game lasted 00:34:01 (3241 turns).

bonegar the Magician (Deep Elf Hedge Wizard)        Turns: 3241, Time: 00:34:01

Health: 0/32       AC:  7    Str:  7    XL:     6   Next: 22%
Magic:  7/25       EV: 13    Int: 21    God:
Gold:   105        SH:  0    Dex: 14    Spells: 10/15 levels left

rFire   . . .        a - +0 dagger
rCold   . . .        (no shield)
rNeg    . . .        t - +2 animal skin
rPois   .            u - +2 helmet
rElec   .            (no cloak)
rCorr   .            (no gloves)
SInv    .            (no boots)
Will    .....        (no amulet)
Stlth   +++          l - ring of magical power
HPRegen 0.25/turn    (no ring)
MPRegen 0.19/turn

%: no passive effects
@: mighty, about to teleport
A: no striking features
a: no special abilities


You were on level 7 of the Dungeon.
You visited 1 branch of the dungeon, and saw 7 of its levels.

You collected 105 gold pieces.

Inventory:

Hand Weapons
 a - a +0 dagger (weapon)
 v - a +1 dagger of draining
 w - a +1 dagger of freezing
Missiles
 q - 34 stones
Armour
 b - a +0 robe
 c - a +0 hat
 t - a +2 animal skin (worn)
 u - a +2 helmet (worn)
Jewellery
 l - a ring of magical power (left hand)
 n - an amulet of faith
Wands
 d - a wand of flame (14) (quivered)
Scrolls
 e - a scroll of fog {unknown}
 j - a scroll of enchant weapon {unknown}
 k - a scroll of fear {unknown}
 r - a scroll of silence {unknown}
 s - a scroll of noise {unknown}
 x - a scroll of torment {unknown}
 y - a scroll of amnesia {unknown}
Potions
 h - 3 potions of might
 m - a potion of attraction {unknown}
 p - a potion of mutation


   Skills:
 + Level 1.6 Short Blades
 + Level 4.0 Dodging
 + Level 3.9 Stealth
 + Level 5.3 Spellcasting
 + Level 2.8 Conjurations
 + Level 2.6 Summonings
 + Level 2.6 Translocations


You had 10 spell levels left.
You knew the following spells:

 Your Spells              Type           Power      Damage    Failure   Level
a - Magic Dart            Conj           68%        1d6       3%          1
b - Blink                 Tloc           32%        N/A       5%          2
c - Call Imp              Summ           32%        N/A       5%          2

Your spell library contained the following spells:

 Spells                   Type           Power      Damage    Failure   Level
 Slow                     Hex            20%        N/A       11%         1
 Cigotuvi's Dreadful Rot  Necr/Alch/Air  10%        N/A       16%         2
 Sublimation of Blood     Necr           5%         N/A       16%         2
 Mephitic Cloud           Conj/Alch/Air  9%         N/A       22%         3
 Summon Hydra             Summ           8%         N/A       100%        7


Dungeon Overview and Level Annotations

Branches:
Dungeon (8/15)
 Temple: D:4-7         Lair: D:8-11

Altars:
Elyvilon

Shops:
D:2 ?   D:8 =

Annotations:
D:4 Pikel


Message History

Aim: a centaur (almost dead, ally target, 100% to hit)
The magic dart hits the centaur but does no damage.
The centaur is almost dead.
The centaur wields a +0 shortbow.
The centaur shoots an arrow.
The arrow completely misses you.
Your cerulean imp hits the centaur but does no damage.
Casting: Magic Dart (safe; 3% risk of failure)
Confirm with . or Enter, or press ? or * to list all spells.
Aiming: Magic Dart (safe; 3% risk of failure)
Press: ? - help, Shift-Dir - straight line, f/p - centaur
Aim: a centaur, wielding a +0 shortbow (almost dead, not watching you, ally target, 100% to hit)
The magic dart hits the centaur.
The centaur is almost dead.
Your surroundings suddenly seem different.
A jelly, a gnoll sergeant and 3 gnolls come into view.
A gnoll is wielding a +0 club and quivering a throwing net.
Found 9 gold pieces.
The gnoll shouts! x2
The jelly quivers.
Casting: Magic Dart (safe; 3% risk of failure)
Confirm with . or Enter, or press ? or * to list all spells.
You blink.
Found a kite shield and 4 stones.
The gnoll sergeant shouts!
Your magical contamination has completely faded away.
You feel very mighty all of a sudden.
Casting: Blink (safe; 5% risk of failure)
Confirm with . or Enter, or press ? or * to list all spells.
Okay, then.
As you read the scroll of teleportation, it crumbles to dust.
You feel strangely unstable.
You feel ready to blink again. The jelly barely misses you.
Hit: a) +0 dagger
Press: ? - help, Dir - move target, f - gnoll
Aim: a gnoll, wielding a +0 club and quivering a throwing net (about 34% to evade your +0 dagger)
You hit the gnoll.
The gnoll is lightly wounded.
The jelly closely misses you.
The gnoll sergeant hits you from afar with a +0 trident!
You die...

.. .... #.. ....(
... .## ##.#
##...# #..###....
##...##...
#.....#..##
#.........## .
#......ggg.##....
#.....gJ@....#
#.$....##.####
#...........#
##.........#..
#.........#..#
##..#......[...
##.####.##.....
### ## .....


You could see a gnoll sergeant, a jelly and 3 gnolls.

Vanquished Creatures
  A bombardier beetle (D:5)
  An orc wizard (D:7)
  An adder (D:3)
  2 dart slugs (D:1)
  A ribbon worm (D:3)
  3 orcs (D:8)
  3 ball pythons
  6 bats
  3 endoplasms
  3 giant cockroaches
  9 goblins
  10 hobgoblins
  6 kobolds
  4 quokkas
  4 frilled lizards
  A rat (D:2)
58 creatures vanquished.

Vanquished Creatures (collateral kills)
  A phantom (D:4)
  A scorpion (D:7)
  A howler monkey (D:7)
  Robin (D:3)
  2 orcs
  An endoplasm (D:2)
  A giant cockroach (D:3)
  A kobold (D:3)
  A goblin (D:3)
10 creatures vanquished.

Vanquished Creatures (others)
  2 goblins (D:3)
2 creatures vanquished.

Grand Total: 70 creatures vanquished

Notes
Turn   | Place    | Note
-------+----------+-------------------------------------------
     0 | D:1      | bonegar the Deep Elf Hedge Wizard began the quest for the
                  | Orb.
     0 | D:1      | Reached XP level 1. HP: 10/10 MP: 7/7
   273 | D:1      | Reached XP level 2. HP: 15/15 MP: 5/9
  1140 | D:2      | Reached XP level 3. HP: 12/19 MP: 3/11
  1344 | D:2      | Found The Oracle's Delphic Readings.
  1508 | D:2      | Learned a level 2 spell: Blink
  1511 | D:2      | Learned a level 2 spell: Call Imp
  1928 | D:3      | Noticed Robin
  1970 | D:3      | Killed Robin
  1973 | D:3      | Reached XP level 4. HP: 13/24 MP: 5/12
  2193 | D:3      | Found a white marble altar of Elyvilon.
  2569 | D:4      | Noticed a phantom
  2646 | D:4      | Killed a phantom
  2647 | D:4      | Reached skill level 1 in Short Blades
  2647 | D:4      | Reached skill level 5 in Spellcasting
  2647 | D:4      | Reached XP level 5. HP: 15/28 MP: 10/14
  2715 | D:4      | Noticed an ice beast
  2715 | D:4      | Noticed an ogre
  2755 | D:4      | Noticed a lemure
  2755 | D:4      | Noticed a lemure
  2780 | D:4      | Noticed Pikel
  2800 | D:5      | Entered Level 5 of the Dungeon
  2910 | D:5      | You fall into a shaft and drop 3 floors!
  2926 | D:8      | Found Rely's Jewellery Boutique.
  3209 | D:7      | Reached XP level 6. HP: 32/32 MP: 16/16
  3241 | D:7      | Slain by a gnoll sergeant

Illustrated notes

Levels and vault maps discovered:
D:1:      mrwooster_arrival_arrow, layout_loops_cross, st_stairs_6
D:2:      layout_basic, nicolae_nh_oracle_at_delphi
D:3:      layout_rooms, elyvilon_altar_4, kennysheep_generic_room_7, uniq_robin
D:4:      minmay_inner_zag, layout_rooms, lightli_temple_of_fire,
          mainiacjoe_overflow_divided_tiny, uniq_sigmund, uniq_pikel
D:5:      layout_cave_pods, minmay_bent
D:7:      layout_cave_pools, serial_shops, shop_coins
D:8:      layout_basic, grunt_lair_entry_orc_guard_hut, serial_shops,
          nicolae_diamond_shop

Skill      XL: |  1  2  3  4  5 |
---------------+----------------+-----
Dodging        | 3 4 |  4.0
Stealth        | 3 |  3.9
Conjurations   | 2 |  2.8
Short Blades   | 1 |  1.6
Spellcasting   | 5 |  5.3
Summonings     | 2 |  2.6
Translocations | 2 |  2.6

Action                     |  1- 3 |  4- 6 || total
---------------------------+-------+-------++-------
  Melee: Dagger            |    60 |    36 ||    96
         Punch             |     1 |       ||     1
   Cast: Magic Dart        |   104 |    76 ||   180
         Call Imp          |     3 |     9 ||    12
         Blink             |     2 |     3 ||     5
  Evoke: Wand              |       |     2 ||     2
    Use: Potion            |     1 |     5 ||     6
         Scroll            |       |    12 ||    12
   Stab: Distracted        |       |     1 ||     1
 Armour: Robe              |    48 |       ||    48
         Animal skin       |       |    55 ||    55
  Dodge: Dodged            |    53 |    50 ||   103
